 Dungeon Crawl Stone Soup version 0.31-a0-625-gc9c7e45 (webtiles) character file.

Game seed: 7136450076455280340

2030120 Wizard1ke the Sluggish Vampire (level 26, 218/218 HPs)
             Began as a Vampire Fighter on Aug 23, 2023.
             Was an Initiate of Cheibriados.
             Escaped with the Orb
             ... and 3 runes on Aug 24, 2023!
             The game lasted 03:04:31 (47424 turns).

Wizard1ke the Sluggish Vampire (Vampire Fighter)   Turns: 47424, Time: 03:04:31

Health: 218/218    AC: 18    Str: 10    XL:     26   Next: 2%
Magic:  38/38      EV: 46    Int: 14    God:    Cheibriados [......]
Gold:   3901       SH: 24    Dex: 44    Spells: 25/25 levels left

rFire   + + +        d - +9 hand crossbow (freeze)
rCold   + . .        u - +5 kite shield {AC+3}
rNeg    . . .        T - +4 leather armour "Vufeat" {rElec rPois rF+ rC+}
rPois   +            x - +2 helmet
rElec   +            S - scarf "Zaik" {harm, rElec rPois rF+ Slay+3}
rCorr   .            O - +1 pair of gloves "Syuts" {Harm Will+ Str-4}
SInv    +            I - +1 pair of boots of Devotion {Dex+3 Stlth+}
Will    +++..        (no amulet)
Stlth   ++           b - ring "Qiucwyim" {rF+ Int+2 Dex+6}
HPRegen 0.76/turn    f - +9 ring of dexterity
MPRegen 0.26/turn

%: harm (+45% outgoing, +30% incoming)
@: healing quickly, studying 2 skills, very slow
A: alive, fangs 3, see invisible, vampiric 2, weak 1, evolution 1, inability to
read after injury 1
0: Orb of Zot
}: 3/15 runes: decaying, serpentine, silver
a: Exsanguinate, Renounce Religion


You escaped.
You worshipped Cheibriados.
Cheibriados was noncommittal.
You visited 10 branches of the dungeon, and saw 48 of its levels.
You also visited: Trove, Ice Cave and Desolation.

You collected 7358 gold pieces.
You spent 3457 gold pieces at shops.

Inventory:

Hand Weapons
 d - a +9 hand crossbow of freezing (weapon)
Missiles
 w - 14 curare-tipped darts
Armour
 g - the +0 pair of gloves of the Guild-Master {rC+ MP+9 Int+3}
   (You found it in a treasure trove)

   Int+3:     It affects your intelligence (+3).
   rC+:       It protects you from cold.
   MP+9:      It affects your magic capacity (+9).
 m - a +2 cloak
 u - a +5 kite shield of protection (worn)
 x - a +2 helmet (worn)
 I - the +1 pair of boots of Devotion (worn) {Dex+3 Stlth+}
   (You found it in the Desolation of Salt)

   Dex+3:     It affects your dexterity (+3).
   Stlth+:    It makes you more stealthy.
 O - the +1 pair of gloves "Syuts" (worn) {Harm Will+ Str-4}
   (You found it on level 8 of the Dungeon)

   Str-4:     It affects your strength (-4).
   Will+:     It increases your willpower.
   Harm:      It increases damage dealt and taken.
 S - the scarf "Zaik" (worn) {harm, rElec rPois rF+ Slay+3}
   (You found it on level 3 of the Elven Halls)

   Slay+3:    It affects your accuracy & damage with ranged weapons and melee
   (+3).
   rF+:       It protects you from fire.
   rElec:     It insulates you from electricity.
   rPois:     It protects you from poison
 T - the +4 leather armour "Vufeat" (worn) {rElec rPois rF+ rC+}
   (You found it on level 2 of the Depths)

   rF+:       It protects you from fire.
   rC+:       It protects you from cold.
   rElec:     It insulates you from electricity.
   rPois:     It protects you from poison
Jewellery
 b - the ring "Qiucwyim" (left hand) {rF+ Int+2 Dex+6}
   (You found it on level 4 of the Lair of Beasts)

   [ring of dexterity]

   Int+2:     It affects your intelligence (+2).
   Dex+6:     It affects your dexterity (+6).
   rF+:       It protects you from fire.
 c - the ring of Compassion {rC+ rCorr Int+2}
   (You bought it in a shop on level 3 of the Vaults)

   [ring of resist corrosion]

   Int+2:     It affects your intelligence (+2).
   rC+:       It protects you from cold.
   rCorr:     It protects you from acid and corrosion.
 e - the ring "Ulon" {rN+ Will+ rCorr Int-2 Stlth+}
   (You found it in a treasure trove)

   [ring of positive energy]

   Int-2:     It affects your intelligence (-2).
   rN+:       It protects you from negative energy.
   Will+:     It increases your willpower.
   rCorr:     It protects you from acid and corrosion.
   Stlth+:    It makes you more stealthy.
 f - a +9 ring of dexterity (right hand)
 h - the ring of Utriw {rElec rN+ Will+ Str+6 Int-2}
   (You acquired it on level 1 of the Vaults)

   [ring of strength]

   Str+6:     It affects your strength (+6).
   Int-2:     It affects your intelligence (-2).
   rElec:     It insulates you from electricity.
   rN+:       It protects you from negative energy.
   Will+:     It increases your willpower.
 s - the ring of Vohetos {Fly rElec rF+++ Will- Str-4}
   (You found it in an ice cave)

   [ring of flight]

   Str-4:     It affects your strength (-4).
   rF+++:     It renders you almost immune to fire.
   rElec:     It insulates you from electricity.
   Will-:     It decreases your willpower.
   Fly:       It grants you flight.
 E - the ring "Jozostom" {rPois rF+ rC+ Dex+2 Slay+3}
   (You bought it in a shop on level 3 of the Elven Halls)

   [ring of protection from cold]

   Dex+2:     It affects your dexterity (+2).
   Slay+3:    It affects your accuracy & damage with ranged weapons and melee
   (+3).
   rF+:       It protects you from fire.
   rC+:       It protects you from cold.
   rPois:     It protects you from poison
 F - an amulet of regeneration
 P - an amulet of faith
 W - a ring of ice
Wands
 i - a wand of mindburst (30)
 v - a wand of iceblast (59)
 A - a wand of digging (12)
 C - a wand of charming (48)
 R - a wand of flame (55)
 X - a wand of quicksilver (19)
Scrolls
 a - 7 scrolls of silence {!r}
 l - 24 scrolls of teleportation
 o - 6 scrolls of vulnerability
 q - 11 scrolls of poison
 y - 9 scrolls of fog
 z - 4 scrolls of revelation
 B - 5 scrolls of immolation
 J - 8 scrolls of blinking
 N - a scroll of brand weapon
 Q - 6 scrolls of fear
 Z - 2 scrolls of butterflies
Potions
 j - 16 potions of curing
 k - 5 potions of enlightenment
 n - 5 potions of cancellation
 r - 6 potions of magic
 t - a potion of lignification
 D - 8 potions of ambrosia
 G - a potion of mutation
 H - 13 potions of heal wounds
 L - 2 potions of invisibility
 M - 3 potions of resistance
 Y - 4 potions of brilliance
Miscellaneous
 p - a box of beasts
 K - a phial of floods
 U - a tin of tremorstones (2/2)
 V - a phantom mirror


   Skills:
 - Level 20.0 Fighting
 - Level 2.0 Long Blades
 - Level 20.0 Ranged Weapons
 - Level 5.0 Armour
 + Level 22.1 Dodging
 - Level 3.0 Stealth
 - Level 15.0 Shields
 - Level 23.9 Invocations
 - Level 8.0 Evocations


You had 25 spell levels left.
You didn't know any spells.
Your spell library contained the following spells:

 Spells                   Type           Power      Damage    Failure   Level
 Apportation              Tloc           0%         N/A       63%         1
 Kiss of Death            Conj/Necr      0%         2d5       63%         1
 Magic Dart               Conj           0%         1d3       63%         1
 Necrotise                Necr           0%         1d4       63%         1
 Shock                    Conj/Air       0%         1d3       63%         1
 Sting                    Tmut/Pois      0%         1d3       63%         1
 Summon Small Mammal      Summ           0%         N/A       63%         1
 Call Imp                 Summ           0%         N/A       77%         2
 Poisonous Vapours        Pois/Air       0%         N/A       77%         2
 Searing Ray              Conj           0%         2d4       77%         2
 Sublimation of Blood     Necr           0%         N/A       77%         2
 Wereblood                Tmut           0%         N/A       77%         2
 Confusing Touch          Hex            0%         N/A       94%         3
 Dazzling Flash           Conj/Hex       0%         N/A       94%         3
 Hailstorm                Conj/Ice       0%         3d3       94%         3
 Ignite Poison            Fire/Tmut/Pois 0%         N/A       94%         3
 Mephitic Cloud           Conj/Pois/Air  0%         N/A       94%         3
 Stone Arrow              Conj/Erth      0%         3d7       94%         3
 Swiftness                Air            0%         N/A       94%         3
 Tukima's Dance           Hex            0%         N/A       94%         3
 Vhi's Electric Charge    Tloc/Air       0%         N/A       94%         3
 Volatile Blastmotes      Fire/Tloc      0%         2d10      94%         3
 Animate Dead             Necr           0%         N/A       100%        4
 Dispel Undead            Necr           0%         3d6       100%        4
 Fulminant Prism          Conj/Hex       0%         3d5       100%        4
 Iskenderun's Mystic Bla  Conj/Tloc      0%         2d3       100%        4
 Leda's Liquefaction      Hex/Erth       0%         N/A       100%        4
 Manifold Assault         Tloc           0%         N/A       100%        4
 Olgreb's Toxic Radiance  Pois           0%         N/A       100%        4
 Passage of Golubria      Tloc           0%         N/A       100%        4
 Petrify                  Tmut/Erth      0%         N/A       100%        4
 Summon Ice Beast         Ice/Summ       0%         N/A       100%        4
 Agony                    Necr           0%         N/A       100%        5
 Alistair's Intoxication  Tmut/Pois      0%         N/A       100%        5
 Arcjolt                  Conj/Air       0%         1d10      100%        5
 Borgnjor's Vile Clutch   Necr/Erth      0%         N/A       100%        5
 Fireball                 Conj/Fire      0%         3d3       100%        5
 Iskenderun's Battlesphe  Conj           0%         2d6       100%        5
 Lee's Rapid Deconstruct  Erth           0%         3d4*      100%        5
 Silence                  Hex/Air        0%         N/A       100%        5
 Summon Forest            Summ/Tloc      0%         N/A       100%        5
 Yara's Violent Unravell  Hex/Tmut       0%         3d3       100%        5
 Conjure Ball Lightning   Conj/Air       0%         3x3d6     100%        6
 Dispersal                Tloc           0%         N/A       100%        6
 Eringya's Noxious Bog    Tmut/Pois      0%         4d6       100%        6
 Leda's Unmaking          Conj/Erth      0%         9d1       100%        6
 Simulacrum               Ice/Necr       0%         N/A       100%        6
 Starburst                Conj/Fire      0%         6d3       100%        6
 Haunt                    Necr/Summ      0%         N/A       100%        7
 Malign Gateway           Summ/Tloc      0%         N/A       100%        7
 Orb of Destruction       Conj           0%         9d5       100%        7
 Ozocubu's Refrigeration  Ice            0%         4d7       100%        7
 Summon Hydra             Summ           0%         N/A       100%        7
 Disjunction              Tloc           0%         N/A       100%        8
 Ignition                 Fire           0%         3d3       100%        8
 Infestation              Necr           0%         N/A       100%        8
 Lehudib's Crystal Spear  Conj/Erth      0%         10d2      100%        8
 Maxwell's Capacitive Co  Air            0%         ∞         100%        8
 Summon Horrible Things   Summ           0%         N/A       100%        8
 Chain Lightning          Conj/Air       0%         N/A       100%        9
 Fire Storm               Conj/Fire      0%         5d1       100%        9
 Polar Vortex             Ice            0%         N/A       100%        9
 Shatter                  Erth           0%         3d5*      100%        9
 Borgnjor's Revivificati  Necr           Unusable   N/A       N/A         8
 Death's Door             Necr           Unusable   N/A       N/A         9

Dungeon Overview and Level Annotations

Branches:
Dungeon (15/15)            Temple (1/1) D:4            Lair (5/5) D:9
  Swamp (4/4) Lair:2        Snake (4/4) Lair:3        Slime (0/5) Lair:5
    Orc (2/2) D:10            Elf (3/3) Orc:2        Vaults (5/5) D:13
  Crypt (0/3) Vaults:2     Depths (4/4) D:15            Zot (5/5) Depths:4
  IceCv (visited)         Desolation (visited)

Altars:
Ashenzari
Cheibriados
Dithmenos
Fedhas
Gozag
Hepliaklqana
Kikubaaqudgha
Makhleb
Nemelex Xobeh
Okawaru
Qazlal
Ru
Sif Muna
Trog
Uskayaw
Vehumet
Wu Jian
Xom
Yredelemnul
Jiyva

Shops:
Orc:2 ([([   Elf:1 ?   Elf:3 (=   Snake:1 !   Snake:2 ::=   Vaults:3 **[(
Vaults:4 [   Vaults:5 ?[

Portals:
Hell: Depths:1 Depths:2 Depths:3 Depths:4
Abyss: Depths:3
Pandemonium: Depths:1 Depths:2
Ziggurat: Depths:1

Annotations:
D:3 2 transporters, Caterwaul's ghost, amateur MfSh; Grinder
D:6 1 runed translucent door, exclusion: door, Crazy Yiuf
D:15 2 runed translucent doors, exclusion: 2 doors, Nopny's ghost, adept FoHu
Lair:4 1 runed translucent door, exclusion: oklob plant
Elf:2 3 runed translucent doors
Vaults:2 Mennas
Vaults:5 !vaults warning
Depths:1 2 transporters, exclusion: 2 orange crystal statues, Fuogonuc's ghost, veteran MiCA; Uthrad's ghost, adept TrGl


Innate Abilities, Weirdness & Mutations

Your natural rate of healing is accelerated.
You have razor-sharp teeth.
You have supernaturally acute eyesight. (SInv)
You are afflicted with vampirism and can become a bat while bloodless.
You are weak. (Str -2)
You have hidden genetic potential.
You occasionally lose the ability to read scrolls when taking damage.


Message History

You continue putting on your amulet of faith. x5
You finish putting on your amulet of faith.
You feel a surge of divine interest.
P - an amulet of faith (around neck) Really remove
P - an amulet of faith?
You start removing your amulet.
You continue taking off your amulet of faith. x4
You finish taking off your amulet of faith.
Cheibriados seems less interested in you.
You feel less pious.
Cheibriados lowers the support of your attributes as your movement quickens.
Really put on
P - an amulet of faith?
You start putting on your amulet.
You continue putting on your amulet of faith. x5
You finish putting on your amulet of faith.
You feel a surge of divine interest.
P - an amulet of faith (around neck)
Okay, then.
Really remove
P - an amulet of faith?
You start removing your amulet.
You continue taking off your amulet of faith. x4
You finish taking off your amulet of faith.
Cheibriados seems less interested in you.
You feel less pious.
Cheibriados lowers the support of your attributes as your movement quickens.
Really put on
P - an amulet of faith?
You start putting on your amulet.
You continue putting on your amulet of faith. x5
You finish putting on your amulet of faith.
You feel a surge of divine interest.
P - an amulet of faith (around neck) Really remove
P - an amulet of faith?
You start removing your amulet.
You continue taking off your amulet of faith. x4
You finish taking off your amulet of faith.
Cheibriados seems less interested in you.
You feel less pious.
You can no longer bend time to slow others.
Cheibriados lowers the support of your attributes as your movement quickens.
You have escaped!

##......#..##...##...........#.
#..............................
#..............................
#.....########+########......##
##....####.........####......#
##...##.........[...##).....#
##..#......#+#......#......#
#..+.....##>##.....'......#
#..+.....##@##.....'...##.#
#..#......#'#......#..###.#
#..##.............##..###.#
#..####.........####......#
#..########+########......##
#...........................
#........^.)................
####........................
#...>......##..........##


There were no monsters in sight!

Vanquished Creatures
  A dread lich (Vaults:5)
  3 ancient liches
  5 orbs of fire
  2 juggernauts
  Bai Suzhen (Elf:3)
  6 Killer Klowns
  2 curse toes
  Saint Roka (Orc:2)
  2 caustic shrikes (Depths:3)
  8 golden dragons
  Jory (Vaults:4)
  the Enchantress (Depths:3)
  A bone dragon (Depths:4)
  2 electric golems
  2 Hell Sentinels
  26 Orb Guardians
  2 Ice Fiends
  Mlioglotl (Swamp:3)
  Asterion (Vaults:2)
  3 deep elf blademasters (Elf:3)
  Jorgrun (Swamp:3)
  3 liches
  17 tentacled monstrosities
  7 titans
  2 deep elf master archers (Elf:3)
  9 quicksilver dragons
  An Executioner (Zot:1)
  Frances (Swamp:2)
  9 death cobs
  13 sphinxes
  2 eldritch tentacles (Zot:5)
  2 thorn hunters
  8 shadow dragons
  The ghost of Tuoleabi the Warrior, an adept DsBr of Uskayaw (Depths:4)
  8 tengu reavers
  Gastronok (D:8)
  Kirke (Swamp:3)
  10 storm dragons
  3 draconian monks
  3 nagarajas
  4 fenstrider witches
  5 draconian knights
  14 deep elf sorcerers
  10 fire giants
  7 iron dragons
  6 frost giants
  A fenstrider witch (shapeshifter) (Vaults:5)
  An imperial myrmidon (Desolation)
  2 deep elf elementalists (Elf:3)
  2 draconian scorchers
  3 ghost moths
  3 balrugs
  4 ghouls
  A reaper (Depths:4)
  2 spectral caustic shrikes (Depths:2)
  A draconian shifter (Zot:4)
  15 vault wardens
  20 ironbound preservers
  A draconian stormcaller (Depths:4)
  3 spriggan defenders (Depths:3)
  2 formless jellyfish
  A cacodemon (D:12)
  3 draconian annihilators
  2 vampire knights (Swamp:4)
  18 very ugly things
  6 ironbound thunderhulks
  2 elemental wellsprings (Depths:3)
  16 stone giants
  2 black draconians
  7 deep elf demonologists
  14 deep elf annihilators
  13 green draconians
  An eleionoma (Swamp:4)
  3 red draconians
  3 purple draconians
  10 white draconians
  7 yellow draconians
  3 bunyips (Swamp:3)
  A bunyip (shapeshifter) (Depths:2)
  11 deep elf death magi
  A spark wasp (Depths:2)
  Josephine (Lair:4)
  14 ettins
  2 merfolk javelineers
  3 crystal guardians (Desolation)
  8 great orbs of eyes
  3 entropy weavers
  3 shambling mangroves (Swamp:4)
  3 rakshasas
  11 deep elf high priests
  4 fire dragons
  2 merfolk impalers (Depths:3)
  6 ragged hierophants (Desolation)
  17 yaktaur captains
  A great orb of eyes (shapeshifter) (Vaults:5)
  Fannar (D:10)
  The ghost of MinotaursOnly the Skirmisher, a journeyman MiHu of Jiyva (D:9)
  4 servants of whispers (Desolation)
  27 vault guards (Vaults:5)
  Erolcha (D:12)
  6 peacekeepers (Desolation)
  4 alligators
  12 hydras
  2 ogre magi
  5 anacondas
  4 salamander tyrants
  A death knight (D:15)
  2 ice dragons
  A hell beast (D:2)
  Erica (D:8)
  13 centaur warriors
  A catoblepas (Lair:1)
  8 ironbound frosthearts
  5 boulder beetles
  6 spriggan air magi
  2 ghost crabs
  6 two-headed ogres
  A satyr (shapeshifter) (Vaults:5)
  7 death yaks
  17 naga warriors
  2 spriggan berserkers
  8 deep troll earth magi
  2 vampire magi
  3 orc high priests
  12 deep troll shamans
  3 hell hogs (D:8)
  17 dancing weapons
  4 shock serpents
  Urug (D:12)
  6 naga sharpshooters
  9 tengu warriors
  15 deep elf knights
  4 hell knights (Depths:3)
  27 spriggans
  2 skysharks
  3 sun demons (Zot:5)
  10 iron trolls
  3 sixfirhies
  8 skeletal warriors
  6 salamander mystics
  69 deep trolls
  4 goliath frogs
  13 swamp dragons
  12 naga ritualists
  5 glowing orange brains
  Pikel (D:6)
  An orange crystal statue (Depths:3)
  8 spriggan druids
  A cherub (Zot:5)
  10 deep elf archers
  A shadow demon (D:4)
  4 bog bodies
  An obsidian statue (Zot:5)
  8 orc knights
  A golden dragon skeleton (Depths:1)
  10 wizards
  12 mana vipers
  25 ironbound convokers
  9 lindwurms
  A spectral hydra (Swamp:4)
  3 phantasmal warriors
  5 necromancers
  24 deep elf zephyrmancers
  An iron dragon zombie (Vaults:2)
  An orc sorcerer (Orc:2)
  A stone giant zombie (Depths:1)
  4 oklob plants
  28 deep elf pyromancers
  8 will-o-the-wisps
  32 ugly things
  A wolf spider (Lair:5)
  11 salamanders
  5 manticores
  3 large abominations (Zot:1)
  4 cyclopes
  22 elephants
  Maurice (D:10)
  Joseph (D:7)
  45 black mambas
  33 moths of wrath
  A guardian serpent (shapeshifter) (Vaults:5)
  A fire giant zombie (D:15)
  15 guardian serpents
  19 naga magi
  18 cane toads
  2 smoke demons (Depths:1)
  A rust devil (D:9)
  4 centaur skeletons (D:13)
  2 ice statues (IceCv)
  16 vault sentinels
  2 orange demons (D:12)
  Maggie (D:6)
  A gargoyle (D:14)
  A hellion (D:9)
  13 komodo dragons
  5 rime drakes
  8 freezing wraiths
  41 yaktaurs
  3 spriggan zombies
  An unseen horror (D:11)
  5 tengu conjurers
  A kobold demonologist (Elf:1)
  A guardian mummy (D:15)
  2 death drake zombies (Swamp:4)
  A spriggan skeleton (Depths:1)
  2 bloated husks
  A meliai (shapeshifter) (Vaults:5)
  6 tyrant leeches
  A hellwing (Depths:1)
  Prince Ribbit (D:9)
  6 meliai
  A queen bee (Lair:4)
  7 trolls
  22 hornets
  3 polar bears
  63 saltlings
  A hydra skeleton (Swamp:4)
  9 blink frogs (Lair:5)
  A jumping spider (Vaults:2)
  6 water elementals
  28 slime creatures
  An air elemental (Elf:3)
  A shadow (D:10)
  A ynoxinul (D:1)
  Sigmund (D:5)
  11 wraiths
  60 yaks
  An ettin skeleton (D:15)
  4 fire elementals
  16 wyverns
  Grum (D:9)
  3 basilisks
  7 hogs (Swamp:3)
  5 redbacks
  2 steam dragons
  An elf simulacrum (Vaults:2)
  14 vampire mosquitoes
  24 swamp worms
  Menkaure (D:5)
  4 wargs
  3 acid dragons
  54 nagas
  18 water moccasins
  Duvessa (D:6)
  4 hydra simulacra (Swamp:4)
  53 orc warriors
  6 swamp drakes (Swamp:4)
  A sky beast (D:7)
  2 ettin simulacra (Vaults:2)
  A black bear (shapeshifter) (Vaults:5)
  A black bear (Lair:3)
  5 swamp dragon zombies (Swamp:4)
  9 ogres
  An ogre (shapeshifter) (Vaults:5)
  25 wolves
  4 centaurs
  2 boggarts
  2 phantoms
  2 swamp dragon skeletons (Swamp:4)
  3 kobold brigands
  14 bullfrogs
  2 necrophages (Swamp:1)
  A scorpion (D:6)
  An earth elemental (Elf:2)
  3 wights (D:7)
  Dowan (D:6)
  4 lindwurm simulacra (IceCv)
  39 killer bees
  8 howler monkeys
  An electric eel (Lair:3)
  6 komodo dragon simulacra (IceCv)
  3 hounds
  3 jellies (D:10)
  17 orc priests
  4 iguanas
  Ijyb (D:3)
  38 orc wizards
  2 lightning spires (Swamp:3)
  8 ogre zombies (D:10)
  Robin (D:3)
  9 gnolls
  10 acid dragon simulacra (IceCv)
  7 adders
  A white imp (D:8)
  A steam dragon simulacrum (IceCv)
  A worm (D:4)
  2 dart slugs
  94 orcs
  7 endoplasms
  7 giant cockroaches
  7 hobgoblins
  A quokka (D:4)
  7 ball pythons
  6 bats
  2 frilled lizards
  15 goblins
  A goblin skeleton (D:10)
  4 goblin zombies (D:10)
  2 hobgoblin skeletons (D:10)
  2 hobgoblin zombies (D:10)
  14 kobolds
  3 orc skeletons (D:10)
  12 orc zombies (D:10)
  5 rats
  A ball lightning (Swamp:3)
  2 spectral weapons (Vaults:2)
2252 creatures vanquished.

Vanquished Creatures (collateral kills)
  A thorn hunter (Swamp:4)
  A hydra zombie (Swamp:4)
  A spriggan druid (Swamp:4)
  A hydra simulacrum (Swamp:4)
  A wight (D:7)
  An iguana (D:7)
  2 orcs (D:8)
8 creatures vanquished.

Vanquished Creatures (others)
  A bloated husk (Swamp:1)
  A hornet (Swamp:1)
  A wyvern (D:8)
  A wight (D:7)
  2 orcs (Elf:2)
  A hobgoblin skeleton (D:10)
  A ball lightning (Swamp:3)
  14 foxfires
22 creatures vanquished.

Grand Total: 2282 creatures vanquished

Notes
Turn   | Place    | Note
-------+----------+-------------------------------------------
     0 | D:1      | Wizard1ke the Vampire Fighter began the quest for the Orb.
     0 | D:1      | Reached XP level 1. HP: 17/17 MP: 1/1
    98 | D:1      | Reached XP level 2. HP: 24/24 MP: 2/2
   297 | D:1      | Gained mutation: You are afflicted with vampirism and can
                  | become a bat while bloodless. [Vampire growth]
   297 | D:1      | Reached XP level 3. HP: 24/30 MP: 0/3
   622 | D:2      | Reached XP level 4. HP: 26/38 MP: 2/4
  1137 | D:3      | Noticed Ijyb
  1160 | D:3      | Killed Ijyb
  1161 | D:3      | Reached skill level 5 in Fighting
  1281 | D:3      | Found a transporter.
  1282 | D:3      | Noticed an ogre
  1284 | D:3      | Noticed Caterwaul's ghost (amateur MfSh)
  1285 | D:3      | Found a transporter.
  1285 | D:3      | Identified the +5 dire flail "Qozeusak" {flame, rPois
                  | Int+3}
  1285 | D:3      | Noticed an ogre
  1314 | D:3      | Reached XP level 5. HP: 41/44 MP: 5/5
  1346 | D:3      | Found a broken altar of Ashenzari.
  1347 | D:3      | Found an opulent altar of Gozag.
  1786 | D:3      | Noticed Robin
  1833 | D:3      | Killed Robin
  2009 | D:3      | Noticed Grinder
  2177 | D:4      | Found a staircase to the Ecumenical Temple.
  2192 | Temple   | Entered the Ecumenical Temple
  2201 | Temple   | Became a worshipper of Cheibriados the Contemplative
  2212 | D:4      | Reached XP level 6. HP: 52/52 MP: 6/6
  2588 | D:5      | Entered Level 5 of the Dungeon
  2600 | D:5      | Found a basalt altar of Yredelemnul.
  2775 | D:5      | Noticed Menkaure
  2779 | D:5      | Killed Menkaure
  2787 | D:5      | Found an iron altar of Okawaru.
  2788 | D:5      | Found a stormy altar of Qazlal.
  2863 | D:5      | Reached XP level 7. HP: 36/60 MP: 4/7
  2962 | D:5      | Noticed Sigmund
  2964 | D:5      | Killed Sigmund
  2974 | D:5      | Reached skill level 1 in Stealth
  3023 | D:5      | Found a hazy altar of Hepliaklqana.
  3024 | D:5      | Found a shimmering altar of Xom.
  3024 | D:5      | Noticed a tyrant leech
  3025 | D:5      | Noticed a spectral ugly thing
  3025 | D:5      | Noticed a tyrant leech
  3126 | D:5      | Reached skill level 1 in Evocations
  3452 | D:5      | Reached * piety under Cheibriados
  3782 | D:6      | Noticed Duvessa
  3782 | D:6      | Noticed Dowan
  3793 | D:5      | Reached skill level 1 in Ranged Weapons
  4127 | D:6      | Reached XP level 8. HP: 61/68 MP: 8/8
  4217 | D:6      | Noticed Maggie
  4234 | D:6      | Killed Maggie
  4579 | D:6      | Found a runed translucent door.
  4580 | D:6      | Noticed Crazy Yiuf
  4777 | D:6      | Noticed Pikel
  4790 | D:6      | Killed Pikel
  4791 | D:6      | Reached skill level 5 in Ranged Weapons
  4791 | D:6      | Reached XP level 9. HP: 68/74 MP: 7/9
  5163 | D:7      | Noticed Joseph
  5714 | D:7      | Killed Joseph
  6040 | D:7      | Reached ** piety under Cheibriados
  6267 | D:8      | Noticed Gastronok
  6267 | D:8      | Noticed Erica
  6365 | D:8      | Identified the +7 orcbow of the Zealous God {drain, Str+3}
  6414 | D:8      | Identified the +1 pair of gloves "Syuts" {Harm Will+ Str-4}
  6597 | D:8      | Killed Erica
  6598 | D:8      | Reached skill level 5 in Dodging
  6598 | D:8      | Reached XP level 10. HP: 69/80 MP: 10/10
  6927 | D:9      | Found a staircase to the Lair.
  6928 | D:9      | Noticed a death yak
  6928 | D:9      | Noticed a death yak
  6928 | D:9      | Noticed a death yak
  6928 | D:9      | Noticed a death yak
  6928 | D:9      | Noticed a death yak
  6928 | D:9      | Noticed a death yak
  6929 | D:9      | Noticed a death yak
  6938 | D:9      | Killed a death yak
  6972 | D:8      | Killed Gastronok
  7094 | D:8      | Killed a death yak
  7103 | D:8      | Killed a death yak
  7209 | D:8      | Killed a death yak
  7210 | D:8      | Reached skill level 10 in Ranged Weapons
  7299 | D:8      | Killed a death yak
  7300 | D:8      | Reached XP level 11. HP: 70/86 MP: 11/11
  7372 | D:9      | Killed a death yak
  7406 | D:9      | Killed a death yak
  7406 | D:9      | Reached *** piety under Cheibriados
  7477 | D:9      | Identified the +10 falchion "Mowyih" {venom, MP+9 Str+3
                  | Dex+3}
  7615 | D:9      | Noticed Grum
  7622 | D:9      | Killed Grum
  8173 | D:9      | Noticed Prince Ribbit
  8175 | D:9      | Killed Prince Ribbit
  8231 | D:9      | Reached **** piety under Cheibriados
  8288 | D:10     | Entered Level 10 of the Dungeon
  8288 | D:10     | Noticed MinotaursOnly's ghost (journeyman MiHu)
  8288 | D:10     | Noticed a great orb of eyes
  8288 | D:10     | Found a runed translucent gate.
  8288 | D:10     | Found a runed translucent gate.
  8288 | D:10     | Found a runed translucent gate.
  8292 | D:10     | Found a viscous altar of Jiyva.
  8331 | D:10     | Noticed a two-headed ogre
  8334 | D:10     | Killed a two-headed ogre
  8404 | D:10     | Found a staircase to the Orcish Mines.
  8407 | D:10     | Noticed Maurice
  8434 | D:10     | Killed Maurice
  8435 | D:10     | Reached skill level 1 in Invocations
  8442 | D:10     | Reached ***** piety under Cheibriados
  8443 | D:10     | Noticed Fannar
  8458 | D:10     | Reached skill level 2 in Invocations
  8490 | D:10     | Killed Fannar
  8491 | D:10     | Reached skill level 3 in Invocations
  8539 | D:10     | Noticed a two-headed ogre
  8546 | D:10     | Killed a two-headed ogre
  8547 | D:10     | Reached skill level 4 in Invocations
  8773 | D:11     | Noticed a deep elf pyromancer
  8776 | D:11     | Killed a deep elf pyromancer
  8776 | D:11     | Noticed a wizard
  8777 | D:11     | Reached skill level 5 in Invocations
  8780 | D:11     | Killed a wizard
  8781 | D:11     | Noticed a deep elf pyromancer
  8782 | D:11     | Killed a deep elf pyromancer
  8783 | D:11     | Reached XP level 12. HP: 92/92 MP: 14/16
  8786 | D:11     | Got the Directory of Plaster Cramp
  8797 | D:11     | Got Sif Muna's Compilation of Dhcmrlchtdj
  8807 | D:11     | Reached skill level 6 in Invocations
  8815 | D:11     | Got the Compendium of Sand
  8879 | D:11     | Noticed a two-headed ogre
  8887 | D:11     | Killed a two-headed ogre
  8942 | D:11     | Noticed a boulder beetle
  8949 | D:11     | Killed a boulder beetle
  8950 | D:11     | Reached skill level 7 in Invocations
  9483 | Lair:1   | Entered Level 1 of the Lair of Beasts
  9535 | D:9      | Reached skill level 8 in Invocations
  9542 | Lair:1   | Noticed a boulder beetle
  9579 | D:9      | Killed a boulder beetle
  9626 | Lair:1   | Reached skill level 9 in Invocations
  9706 | Lair:1   | Noticed a catoblepas
  9712 | Lair:1   | Killed a catoblepas
  9730 | Lair:1   | Reached skill level 10 in Invocations
  9835 | Lair:1   | Reached ****** piety under Cheibriados
  9893 | Lair:1   | Reached skill level 11 in Invocations
  9905 | Lair:1   | Noticed a boulder beetle
  9919 | Lair:1   | Killed a boulder beetle
  9920 | Lair:1   | Reached XP level 13. HP: 98/98 MP: 21/21
 10572 | Lair:2   | Reached skill level 12 in Invocations
 10986 | Lair:2   | Found a staircase to the Swamp.
 11141 | Lair:3   | Reached skill level 5 in Evocations
 11236 | Lair:3   | Found a staircase to the Snake Pit.
 12238 | Lair:4   | Noticed Josephine
 12242 | Lair:4   | Reached skill level 10 in Fighting
 12248 | Lair:4   | Killed Josephine
 12411 | Lair:4   | Identified the ring "Qiucwyim" {rF+ Int+2 Dex+6}
 12477 | Lair:4   | Reached XP level 14. HP: 111/111 MP: 23/23
 12716 | Lair:4   | Found a runed translucent door.
 13138 | Lair:5   | Entered Level 5 of the Lair of Beasts
 13326 | Lair:5   | Found a staircase to the Slime Pits.
 14677 | D:12     | Noticed Urug
 14681 | D:12     | Killed Urug
 15171 | D:12     | Noticed Erolcha
 15173 | D:12     | Killed Erolcha
 15566 | D:13     | Reached XP level 15. HP: 122/122 MP: 24/24
 15623 | D:13     | Reached skill level 10 in Dodging
 15635 | D:13     | Found a portal to a secret trove of treasure.
 16033 | D:13     | Found a gate to the Vaults.
 16286 | Orc:1    | Entered Level 1 of the Orcish Mines
 16342 | Orc:1    | Found a frozen archway.
 16363 | IceCv    | Entered an ice cave
 16732 | IceCv    | Identified the ring of Vohetos {Fly rElec rF+++ Will-
                  | Str-4}
 17232 | Orc:2    | Entered Level 2 of the Orcish Mines
 17504 | Orc:2    | Found Morpheog's Antique Weapon Shop.
 17796 | Orc:2    | Found Bivao's Antique Armour Boutique.
 17952 | Orc:2    | Noticed Saint Roka
 17965 | Orc:2    | Killed Saint Roka
 17993 | Orc:2    | Found Cawnouff's Antique Armour Shoppe.
 17997 | Orc:2    | Found Jaeryrch's Antique Weapon Emporium.
 18045 | Orc:2    | Found a staircase to the Elven Halls.
 18191 | Orc:2    | Found a shimmering blue altar of Sif Muna.
 18395 | D:14     | Identified the +2 leather armour "Keplag" {rC- rCorr SInv}
 18932 | D:15     | Entered Level 15 of the Dungeon
 18946 | D:15     | Noticed Nopny's ghost (adept FoHu)
 18947 | D:15     | Noticed a lich
 18948 | D:15     | Noticed a sphinx
 19066 | D:15     | Found a runed translucent door.
 19068 | D:15     | Found a runed translucent door.
 19137 | D:15     | Found a staircase to the Depths.
 19306 | D:15     | Found a shadowy altar of Dithmenos.
 19317 | D:15     | Reached XP level 16. HP: 133/133 MP: 25/25
 19907 | Snake:1  | Entered Level 1 of the Snake Pit
 20153 | Snake:1  | Found Odwoirphi's Distillery.
 20162 | Snake:1  | Bought a potion of lignification for 39 gold pieces
 20162 | Snake:1  | Bought a potion of heal wounds for 65 gold pieces
 20162 | Snake:1  | Bought a potion of heal wounds for 65 gold pieces
 20162 | Snake:1  | Bought a potion of cancellation for 104 gold pieces
 20162 | Snake:1  | Bought a potion of enlightenment for 65 gold pieces
 20162 | Snake:1  | Bought a potion of heal wounds for 65 gold pieces
 20849 | Snake:2  | Reached skill level 15 in Fighting
 20877 | Snake:2  | Found Beirek's Book Boutique.
 20878 | Snake:2  | Found Wamyones's Jewellery Shoppe.
 20879 | Snake:2  | Found Amuah's Book Boutique.
 21725 | Snake:3  | Reached skill level 15 in Ranged Weapons
 22255 | Snake:4  | Entered Level 4 of the Snake Pit
 22528 | Snake:4  | Reached XP level 17. HP: 142/142 MP: 26/26
 22841 | Snake:4  | Reached skill level 15 in Dodging
 23130 | Snake:4  | Reached skill level 13 in Invocations
 23447 | Snake:4  | Got a serpentine rune of Zot
 23668 | Swamp:1  | Entered Level 1 of the Swamp
 23779 | Swamp:1  | You fall into a shaft and drop 1 floor!
 24260 | Swamp:1  | Reached skill level 14 in Invocations
 24434 | Swamp:1  | Identified the +9 trident "Axiguh" {speed, Str+5 Int+5
                  | Dex-2}
 24606 | Swamp:2  | Noticed Frances
 24611 | Swamp:2  | Killed Frances
 24937 | Swamp:3  | Noticed Jorgrun
 24946 | Swamp:3  | Killed Jorgrun
 24949 | Swamp:3  | Reached XP level 18. HP: 139/149 MP: 28/28
 25281 | Swamp:3  | Identified the +1 rapier of the Squeaky God {freeze, +Blink
                  | rF+ Str+2 Int-5}
 25281 | Swamp:3  | Noticed Kirke
 25281 | Swamp:3  | Noticed Mlioglotl
 25624 | Swamp:3  | Killed Kirke
 25720 | Swamp:4  | Entered Level 4 of the Swamp
 26063 | Swamp:4  | Reached skill level 5 in Armour
 26258 | Swamp:4  | Found a blossoming altar of Fedhas.
 26323 | Swamp:4  | Found a basalt altar of Yredelemnul.
 26336 | Swamp:4  | Got a decaying rune of Zot
 26507 | Swamp:3  | Killed Mlioglotl
 26735 | Vaults:1 | Entered Level 1 of the Vaults
 27748 | D:9      | Reached XP level 19. HP: 157/157 MP: 29/29
 27766 | D:9      | Killed MinotaursOnly's ghost
 28220 | Vaults:1 | Identified 2 scrolls of acquirement
 28221 | Vaults:1 | Acquired a +6 hand crossbow of flaming
 28229 | Vaults:1 | Acquired the ring of Utriw {rElec rN+ Will+ Str+6 Int-2}
 28723 | Vaults:2 | Noticed Asterion
 28735 | Vaults:2 | Killed Asterion
 29008 | Vaults:2 | Found a staircase to the Crypt.
 29082 | Vaults:2 | Noticed Mennas
 29366 | Vaults:3 | Found Isuceniu's Antique Armour Emporium.
 29458 | Vaults:3 | Found Muyhy's General Store.
 29465 | Vaults:3 | Bought a scroll of blinking for 135 gold pieces
 29465 | Vaults:3 | Bought a scroll of teleportation for 54 gold pieces
 29508 | Vaults:3 | Found Biuse's Antique Weapon Shoppe.
 29778 | Vaults:3 | Identified the +2 leather armour of Intuition {rPois Will+}
 30071 | Vaults:3 | Reached skill level 5 in Shields
 30109 | Vaults:3 | Identified the +4 war axe of Midwinter {freeze, rC++}
 30165 | Vaults:3 | Found Ahiycw's Assorted Antiques.
 30172 | Vaults:3 | Bought a scroll labelled FUITHE LAGEOHAZ for 36 gold pieces
 30172 | Vaults:3 | Bought a scroll of teleportation for 108 gold pieces
 30172 | Vaults:3 | Bought a scroll of enchant weapon for 270 gold pieces
 30172 | Vaults:3 | Bought a scroll of enchant armour for 270 gold pieces
 30172 | Vaults:3 | Bought a fine lapis lazuli ring for 180 gold pieces
 30172 | Vaults:3 | Identified the ring of Compassion {rC+ rCorr Int+2} (You
                  | bought it in a shop on level 3 of the Vaults)
 30481 | Vaults:4 | Found a crumbling gateway.
 30500 | Desolati | Entered the Desolation of Salt
 30549 | Desolati | Reached XP level 20. HP: 157/168 MP: 30/30
 30703 | Desolati | Identified the +1 robe of the Sky {rN+}
 30708 | Desolati | Identified the +5 rapier "Grim" {venom, rF+ Int+2 Dex+3
                  | Stlth+}
 30740 | Desolati | Found the +9 scales of the Dragon King {rPois rF+ rC+
                  | Will+}
 30812 | Desolati | Identified the +1 rapier "Popiogiezo" {venom, Contam Will+
                  | Int+3}
 30886 | Desolati | Got Nolem's Folio of Coruscating Summoning
 30889 | Desolati | Identified the ring of Usecwol {rElec MP+9 Str+4 Dex-2}
 30893 | Desolati | Identified the +1 pair of boots of Devotion {Dex+3 Stlth+}
 31011 | Desolati | Got the Compendium of Cadavers and Violence
 31023 | Desolati | Identified the ring "Daebuabra" {rN+ Will+ Slay-3 Stlth+}
 31182 | Desolati | Reached skill level 10 in Shields
 31209 | Desolati | Identified the +2 plate armour of Dishonesty {rElec}
 31222 | Desolati | Identified the +6 flail of Ocweimuu {antimagic, rC+ Str-4
                  | Dex+2}
 32512 | Vaults:4 | Noticed Jory
 32530 | Vaults:4 | Killed Jory
 32645 | Vaults:4 | Found Hustrul's Armour Shoppe.
 33303 | Elf:1    | Entered Level 1 of the Elven Halls
 33681 | Elf:1    | Found Iniyxu Apai's Magic Scroll Boutique.
 33690 | Elf:1    | Bought a scroll of revelation for 105 gold pieces
 33690 | Elf:1    | Bought a scroll of teleportation for 42 gold pieces
 33690 | Elf:1    | Bought a scroll of teleportation for 42 gold pieces
 33690 | Elf:1    | Bought a scroll of teleportation for 42 gold pieces
 33690 | Elf:1    | Bought a scroll of butterflies for 56 gold pieces
 33690 | Elf:1    | Bought a scroll of identify for 28 gold pieces
 33690 | Elf:1    | Bought a scroll of identify for 28 gold pieces
 34059 | Elf:2    | Reached XP level 21. HP: 174/174 MP: 31/31
 34249 | Elf:2    | Found a runed translucent gate.
 34249 | Elf:2    | Found a runed translucent gate.
 34250 | Elf:2    | Found a runed translucent gate.
 34420 | Elf:3    | Entered Level 3 of the Elven Halls
 34554 | Elf:3    | Found Yqoacopo's Weapon Shoppe.
 34777 | Elf:3    | Found Reagueso's One-of-a-Kind Rings.
 34787 | Elf:3    | Bought the ring "Jozostom" {rPois rF+ rC+ Dex+2 Slay+3} for
                  | 660 gold pieces
 34892 | Elf:3    | Reached skill level 15 in Shields
 34919 | Elf:3    | Noticed Bai Suzhen
 34925 | Elf:3    | Killed Bai Suzhen
 35167 | Elf:3    | Identified the +1 scimitar "Ytaqyufyl" {drain, rPois rF+
                  | rN+}
 35185 | Elf:3    | Identified the +7 scimitar "Poonithra" {antimagic, Dex+5}
 35229 | Elf:3    | Identified the +5 short sword of Roest {protect, rF+ rC+
                  | Str-4 Dex+3}
 35243 | Elf:3    | Got the Guidebook on Chilly Gases
 35307 | Elf:3    | Identified the +0 chain mail "Afeubof" {Will- Str+8 Int+2
                  | Dex-5}
 35317 | Elf:3    | Identified the scarf "Zaik" {harm, rElec rPois rF+ Slay+3}
 35339 | Elf:3    | Identified the +1 dire flail of the Six Seers {vamp, rPois
                  | rC- Will+}
 35813 | Depths:1 | Entered Level 1 of the Depths
 35974 | Depths:1 | Found a broken altar of Ashenzari.
 36022 | Depths:1 | Reached XP level 22. HP: 184/184 MP: 32/32
 36087 | Depths:1 | Found a one-way gateway to a ziggurat.
 36115 | Depths:1 | Noticed Fuogonuc's ghost (veteran MiCA)
 36115 | Depths:1 | Noticed a caustic shrike
 36118 | Depths:1 | Noticed Uthrad's ghost (adept TrGl)
 36125 | Depths:1 | Found a transporter.
 36128 | Depths:1 | Found a transporter.
 36228 | Depths:1 | Found a gateway to Hell.
 36316 | Depths:1 | You fall into a shaft and drop 1 floor!
 36380 | Depths:1 | Found a one-way gate leading to the halls of Pandemonium.
 37274 | Depths:2 | Noticed a juggernaut
 37280 | Depths:2 | Killed a juggernaut
 37338 | Depths:2 | Noticed a golden dragon
 37346 | Depths:2 | Killed a golden dragon
 37362 | Depths:2 | Identified the +4 leather armour "Vufeat" {rElec rPois rF+
                  | rC+}
 37384 | Depths:2 | Identified the +6 trident of the Inviting Whale {speed,
                  | Drain +Blink rElec rF+}
 37815 | Elf:3    | Bought a +9 ring of dexterity for 858 gold pieces
 38225 | D:13     | You paid a toll of 2 scrolls of acquirement to enter a
                  | treasure trove
 38226 | Trove    | Entered a treasure trove
 38233 | Trove    | Identified the ring of the Caustic Guava {+Blink EV+5}
 38237 | Trove    | Identified the ring "Ulon" {rN+ Will+ rCorr Int-2 Stlth+}
 38239 | Trove    | Identified the +0 pair of gloves of the Guild-Master {rC+
                  | MP+9 Int+3}
 38249 | Trove    | Identified the +1 orcbow "Quutenk" {heavy, Int+3}
 38373 | Depths:3 | Found a one-way gate to the infinite horrors of the Abyss.
 39018 | Depths:3 | Identified the +0 robe of the Bespelling Gods {rElec rC+
                  | rN+}
 39030 | Depths:3 | Noticed a golden dragon
 39058 | Depths:3 | Killed a golden dragon
 39112 | Depths:3 | Noticed a golden dragon
 39117 | Depths:3 | Killed a golden dragon
 39145 | Depths:3 | Noticed a golden dragon
 39145 | Depths:3 | Noticed a golden dragon
 39147 | Depths:3 | Killed a golden dragon
 39154 | Depths:3 | Killed a golden dragon
 39172 | Depths:3 | Noticed the Enchantress
 39175 | Depths:3 | Noticed a juggernaut
 39178 | Depths:3 | Killed a juggernaut
 39195 | Depths:3 | Killed the Enchantress
 39226 | Depths:3 | Noticed a caustic shrike
 39233 | Depths:3 | Noticed a caustic shrike
 39239 | Depths:3 | Killed a caustic shrike
 39250 | Depths:3 | Killed a caustic shrike
 39398 | Depths:3 | Reached XP level 23. HP: 194/194 MP: 33/33
 39469 | Depths:4 | Entered Level 4 of the Depths
 39568 | Depths:4 | Found a runed translucent gate.
 39569 | Depths:4 | Found a runed translucent gate.
 39571 | Depths:4 | Found a runed translucent gate.
 39573 | Depths:4 | Noticed Tuoleabi's ghost (adept DsBr)
 39580 | Depths:4 | Killed Tuoleabi's ghost
 39755 | Depths:4 | Found a gate to the Realm of Zot.
 40310 | Vaults:2 | Identified the +2 spear of Ritua {heavy, Will+ Str+6}
 40310 | Vaults:2 | Identified the +4 sling of Momugysu {drain, rCorr}
 40316 | Vaults:2 | Identified the +8 dagger of Tenacity {speed, *Noise rF-
                  | rCorr Int+8}
 40419 | Vaults:5 | Entered Level 5 of the Vaults
 40432 | Vaults:5 | Reached skill level 15 in Invocations
 40448 | Vaults:5 | Noticed an ancient lich
 40455 | Vaults:5 | Killed an ancient lich
 40553 | Vaults:5 | Got a silver rune of Zot
 40597 | Vaults:5 | Reached skill level 16 in Invocations
 40786 | Vaults:5 | Reached skill level 17 in Invocations
 40881 | Vaults:5 | Reached XP level 24. HP: 204/204 MP: 35/35
 40952 | Vaults:5 | Identified the +8 trident "Hiogug" {heavy, +Blink Fly Str-4
                  | Dex+2}
 40958 | Vaults:5 | Noticed a dread lich
 40966 | Vaults:5 | Killed a dread lich
 41058 | Vaults:5 | Identified the +3 leather armour "Beblutoa" {Str+3 SInv}
 41083 | Vaults:5 | Found Lagimupn's Magic Scroll Boutique.
 41089 | Vaults:5 | Reached skill level 18 in Invocations
 41103 | Vaults:5 | Bought a scroll of teleportation for 42 gold pieces
 41103 | Vaults:5 | Bought a scroll of teleportation for 42 gold pieces
 41103 | Vaults:5 | Bought a scroll of immolation for 56 gold pieces
 41167 | Vaults:5 | Found Miuhaps's Antique Armour Shoppe.
 41361 | Vaults:5 | Identified the +9 long sword "Voqant" {flame, rElec Will+
                  | Str+4}
 41798 | Vaults:5 | Found the +7 captain's cutlass {speed, disarm}
 41816 | Vaults:5 | Identified the +9 sling of Moliul {heavy, +Blink rPois
                  | Int+4 Dex-4}
 41835 | Vaults:5 | Got the Incunabulum of Calefaction
 42314 | Zot:1    | Entered Level 1 of the Realm of Zot
 42316 | Zot:1    | Reached skill level 19 in Invocations
 42318 | Zot:1    | Noticed an orb of fire
 42323 | Zot:1    | Gained mutation: You are clumsy. (Dex -2) [an orb of fire]
 42325 | Zot:1    | Killed an orb of fire
 43359 | Zot:2    | Reached skill level 20 in Invocations
 44295 | Zot:3    | Noticed a Killer Klown
 44303 | Zot:3    | Killed a Killer Klown
 44429 | Zot:3    | Reached skill level 21 in Invocations
 44750 | Zot:3    | Reached XP level 25. HP: 210/210 MP: 37/37
 45238 | Zot:4    | Identified the +2 chain mail "Datym" {rC- Dex+5}
 45335 | Zot:4    | Reached skill level 22 in Invocations
 45709 | Zot:5    | Entered Level 5 of the Realm of Zot
 46374 | Zot:5    | Noticed an ancient lich
 46382 | Zot:5    | Killed an ancient lich
 46402 | Zot:5    | Noticed a Killer Klown
 46408 | Zot:5    | Noticed an ancient lich
 46411 | Zot:5    | Killed an ancient lich
 46415 | Zot:5    | Killed a Killer Klown
 46431 | Zot:5    | Noticed a Killer Klown
 46433 | Zot:5    | Killed a Killer Klown
 46435 | Zot:5    | Noticed an orb of fire
 46438 | Zot:5    | Gained mutation: Armour fits poorly on your strangely
                  | shaped body. [an orb of fire]
 46443 | Zot:5    | Killed an orb of fire
 46483 | Zot:5    | Reached skill level 23 in Invocations
 46535 | Zot:5    | Noticed an orb of fire
 46537 | Zot:5    | Noticed a Killer Klown
 46537 | Zot:5    | Noticed a Killer Klown
 46541 | Zot:5    | Killed an orb of fire
 46546 | Zot:5    | Killed a Killer Klown
 46553 | Zot:5    | Noticed an orb of fire
 46553 | Zot:5    | Noticed a Killer Klown
 46556 | Zot:5    | Gained mutation: You occasionally lose the ability to read
                  | scrolls when taking damage. [an orb of fire]
 46558 | Zot:5    | Killed an orb of fire
 46560 | Zot:5    | Killed a Killer Klown
 46563 | Zot:5    | Noticed an ancient lich
 46567 | Zot:5    | Noticed an ancient lich
 46592 | Zot:5    | Noticed an orb of fire
 46621 | Zot:5    | Killed a Killer Klown
 46629 | Zot:5    | Gained mutation: You occasionally lose the ability to drink
                  | potions when taking damage. [an orb of fire]
 46633 | Zot:5    | Gained mutation: You are weak. (Str -2) [an orb of fire]
 46635 | Zot:5    | Killed an orb of fire
 46724 | Zot:5    | Lost mutation: Armour fits poorly on your strangely shaped
                  | body. [potion of mutation]
 46724 | Zot:5    | Lost mutation: You occasionally lose the ability to drink
                  | potions when taking damage. [potion of mutation]
 46724 | Zot:5    | Lost mutation: You are clumsy. (Dex -2) [potion of
                  | mutation]
 46724 | Zot:5    | Gained mutation: You have hidden genetic potential. [potion
                  | of mutation]
 46725 | Zot:5    | Got the Orb of Zot
 46811 | Zot:5    | Noticed Moprim the pandemonium lord
 46813 | Zot:5    | Noticed an ancient lich
 47233 | D:6      | Killed Dowan
 47235 | D:6      | Killed Duvessa
 47263 | D:4      | Reached XP level 26. HP: 218/218 MP: 38/38
 47424 | D:$      | Escaped with the Orb!

Illustrated notes

Levels and vault maps discovered:
D:1:      dpeg_arrival_refuge, layout_rooms
D:2:      layout_rooms
D:3:      layout_basic, grunt_temple_overflow_open, gammafunk_ghost_smash,
          uniq_grinder, uniq_ijyb, uniq_robin
D:4:      layout_cave_pools, minmay_temple_entry_ruins
D:5:      layout_basic, regret_index_temple_of_mockery,
          mainiacjoe_overflow_brackets, gammafunk_temple_overflow_statue,
          serial_rivers, chequers_serial_rivers_small_b,
          chequers_serial_rivers_large_a, chequers_serial_rivers_micro_b,
          chequers_serial_rivers_small_b, uniq_sigmund, uniq_menkaure
D:6:      layout_basic, uniq_duvessa, uniq_pikel, uniq_crazy_yiuf_cottage,
          uniq_maggie
D:7:      layout_cave_pools, uniq_joseph
D:8:      layout_rooms, hangedman_abyss_or_decor_lesser_grid, uniq_gastronok,
          uniq_erica
D:9:      layout_grid_maze, dpeg_lair_monsters, uniq_prince_ribbit1, uniq_grum
D:10:     layout_gridville, zombieorc2_lemuel, gammafunk_ghost_ooze,
          uniq_fannar, uniq_maurice
D:11:     layout_irregular_city, bh_hangedman_babel_library
D:12:     layout_cave_pods, uniq_urug, uniq_erolcha
D:13:     layout_basic, hangedman_vaults_entry_quadrant_bands, enter_trove_0
D:14:     layout_loops_ring
D:15:     gammafunk_depths_entry_grave, layout_rooms,
          muffindrake_ghost_dual_entry, grunt_dithmenos_smoke_and_mirrors
Temple:   nicolae_temple_no_exploring_needed
Lair:1:   layout_gridlike, serial_bayou_shore_a, grunt_megastairs_4
Lair:2:   layout_hall_layers, minmay_swamp_entry_wisps
Lair:3:   layout_cave_pods, dummy_snake_entry, amcnicky_mini_pool_medium,
          grunt_megastairs_1, infiniplex_staircase_pool
Lair:4:   gammafunk_lair_enchanted_lake, layout_gridlike, special_room
          [special_room_bee], lemuel_oklob_altar, uniq_josephine
Lair:5:   hangedman_lair_tendril_chambers, layout_cave_pods, slime_entry_1,
          lemuel_fruit_tree
Swamp:1:  nicolae_swamp_tree_isthmus, layout_basic_swamp,
          evilmike_swamp_ruin_house_5, swamp_pool4, nicolae_swamp_fairy_circle,
          nicolae_swamp_treefoil
Swamp:2:  layout_falls_marsh, evilmike_swamp_ruin_house_2, uniq_frances
Swamp:3:  layout_falls_marsh, hangedman_swamp_ruin_wall,
          hangedman_swamp_phenomena, uniq_kirke, uniq_jorgrun, uniq_mlioglotl
Swamp:4:  byrel_swamp_growth_death_and_undeath, layout_basic_swamp
Snake:1:  layout_basic, serial_shops, shop
Snake:2:  layout_rooms, nicolae_snake_snakes_in_the_grass, minmay_shop_grove
Snake:3:  layout_layer_cave
Snake:4:  johnstein_snake_rune_scales, layout_cave_town, nicolae_triple_integral
Orc:1:    layout_caves, portal_ice_cave_entry_pillars_2, lightli_orcish_oven
Orc:2:    grunt_orc_community_town_hall, layout_diamond_mine,
          grunt_orc_community_big_house_1, grunt_orc_community_big_house_2,
          grunt_orc_community_house_2, grunt_orc_community_house_2,
          grunt_orc_community_house_2, grunt_orc_community_house_3,
          grunt_orc_community_house_2, basic_altar, kennysheep_orc_sif_temple
Elf:1:    layout_gridlike, serial_shops, shop_fountains,
          hangedman_elf_disciples, drop_trap, solitary_fountain,
          grunt_megastairs_2
Elf:2:    elven_hall_of_blades_hangedman_original
          [nicolae_blade_entry_sentries_behind_glass], layout_loops_cross
Elf:3:    minmay_elf_hall_hex, layout_onion_city, serial_shops, shop,
          nicolae_shop_unique_rings, uniq_bai_suzhen
Vaults:1: v_misc_22, nicolae_vaults_twisting_passages,
          nicolae_vaults_inception_statues, vaults_room_door_hall,
          nicolae_vaults_more_shelving_2, nicolae_vaults_big_ls,
          ontoclasm_vaults_ring_small, layout_vaults_omnigrid
Vaults:2: nicolae_vaults_layer_cake_slice,
          nicolae_vaults_storing_the_good_stuff, grunt_vaults_hallway_short,
          vaults_room_door_hall, nicolae_vaults_yaktaur_gun_rack,
          grunt_vaults_swirl, hangedman_vaults_trim,
          nicolae_vaults_layer_cake_slice, minmay_crypt_entry_simple_walls,
          nicolae_vaults_diagonal_hallway_6, grunt_vaults_hallway_short,
          nicolae_vaults_network_square, nicolae_vaults_rhombus_5,
          hangedman_vaults_maws, layout_vaults_big_room, uniq_asterion,
          uniq_mennas
Vaults:3: nicolae_vaults_network_quinsquares
          [nicolae_vaults_network_quincunx_subvault,
          nicolae_vaults_network_quincunx_subvault,
          nicolae_vaults_network_quincunx_subvault,
          nicolae_vaults_network_quincunx_subvault],
          nicolae_vaults_heart-shaped_vault, v_alt_pattern_4, v_misc_14,
          nicolae_vaults_know_your_exits, nicolae_vaults_diamond_2,
          vaults_standard_mumra_x, nicolae_vaults_storage_closets_1,
          nicolae_vaults_tetromino_T_2, dpeg_vaults_monster_box,
          nicolae_vaults_specimen_jars, layout_vaults_omnicross, serial_shops,
          shop, nicolae_shop_dealshenge, nicolae_shop_waterfront, shop
Vaults:4: portal_desolation_entry_salt, st_spiral_rooms,
          ontoclasm_vaults_gateway, vaults_mumra_minichess, v_alt_pattern_2,
          nicolae_vaults_layer_cake_slice, ontoclasm_vaults_twist,
          nicolae_vaults_trapezoid_2, vaults_standard_mumra_lines, v_misc_8,
          ontoclasm_vaults_decontamination, vaults_room_pool,
          vaults_room_semicircle, nicolae_vaults_trapezoid_layered,
          layout_vaults_omnibox, serial_shops, nicolae_shop_mannequins,
          uniq_jory
Vaults:5: serial_shops
Depths:1: layout_cave_shapes, enter_ziggurat_b, grunt_pan_entry_spiral,
          grunt_decor_fettered, nzn_ghost_randoct, lightli_too_deep,
          cheibrodos_ashenzari_chains
Depths:2: minmay_nine_rooms, layout_gridlike, pf_hell_entry_tar_river,
          pan_entry, serial_curves, eino_curves_04, eino_curves_02,
          serial_sigils_hangedman_scar, amcnicky_mini_corridor_feature,
          uniq_saint_roka
Depths:3: gammafunk_depths_water_palace, layout_basic, hell_entry, abyss_entry,
          reono_crystal_passage, uniq_margery
Depths:4: grunt_crosshair, layout_basic, pf_dread_powers_of_hell,
          ebering_ghost_rock_garden
Zot:1:    layout_gridlike, uniq_josephina, uniq_grunn
Zot:2:    layout_concentric_octagons
Zot:3:    kennysheep_six_static_rooms, layout_gridville,
          hangedman_zot_decor_tridents, st_stairs_14
Zot:4:    layout_onion_interference
Zot:5:    layout_basic

Skill      XL: |  1  2  3  4  5  6  7  8  9 10 11 12 13 14 15 16 17 18 19 20 21 22 23 24 25 26 |
---------------+-------------------------------------------------------------------------------+-----
Fighting       | 3 4 5 6 7 8 10 12 14 15 16 17 18 19 20 | 20.0
Stealth        | 3 |  3.0
Evocations     | 2 4 7 8 |  8.0
Ranged Weapons | 1 5 8 10 12 13 15 16 17 18 19 20 | 20.0
Dodging        | 5 8 9 12 14 15 16 17 19 20 21 22 | 22.1
Invocations    | 5 11 12 14 17 21 23 | 23.9
Armour         | 3 5 |  5.0
Shields        | 6 13 15 | 15.0
Long Blades    | |  2.0

Action                     |  1- 3 |  4- 6 |  7- 9 | 10-12 | 13-15 | 16-18 | 19-21 | 22-24 | 25-27 || total
---------------------------+-------+-------+-------+-------+-------+-------+-------+-------+-------++-------
  Melee: Long sword        |    70 |   136 |       |       |       |       |       |       |       ||   206
         Bite              |     6 |    22 |     4 |       |       |       |       |       |       ||    32
         Whip              |       |    72 |    39 |       |       |       |       |       |       ||   111
   Fire: Orcbow            |       |       |   249 |   464 |  1241 |  1447 |    63 |       |       ||  3464
         Hand crossbow     |       |       |       |       |       |       |   998 |  1067 |   331 ||  2396
  Throw: Javelin           |       |       |     2 |       |       |       |       |       |       ||     2
         Dart              |       |       |       |     2 |       |       |       |       |       ||     2
 Invoke: Slouch            |       |       |       |       |     2 |     3 |    16 |    10 |     6 ||    37
         Bend Time         |       |       |       |       |     1 |       |     1 |       |       ||     2
         Step From Time    |       |       |       |       |       |     5 |     3 |     4 |     2 ||    14
Ability: Exsanguinate      |       |       |       |       |     1 |       |       |       |       ||     1
         Revivify          |       |       |       |       |     1 |       |       |       |       ||     1
  Evoke: Wand              |       |     4 |    16 |       |       |     1 |     2 |     1 |     2 ||    26
         Phial of floods   |       |       |       |       |       |     1 |     1 |       |       ||     2
         Phantom mirror    |       |       |       |       |       |     1 |     2 |     1 |       ||     4
    Use: Scroll            |       |       |     8 |     2 |     7 |    10 |    20 |     4 |     4 ||    55
         Potion            |       |       |     2 |     1 |     1 |     4 |     1 |     5 |     9 ||    23
 Armour: Scale mail        |    37 |    11 |       |       |       |       |       |       |       ||    48
         Chain mail        |       |    93 |    96 |       |       |       |       |       |       ||   189
         Steam dragon scal |       |       |    52 |    17 |       |       |       |       |       ||    69
         Skin              |       |       |     6 |       |       |       |       |     2 |       ||     8
         Troll leather arm |       |       |       |    25 |    78 |     8 |       |       |       ||   111
         Robe              |       |       |       |       |     1 |     7 |    60 |     1 |       ||    69
         Leather armour    |       |       |       |       |       |    14 |       |    28 |    10 ||    52
         Swamp dragon scal |       |       |       |       |       |    28 |       |       |       ||    28
  Dodge: Dodged            |    37 |    68 |   109 |   201 |   564 |   611 |   590 |   401 |   125 ||  2706
  Block: Buckler           |    14 |    51 |    24 |       |       |       |       |       |       ||    89
         Kite shield       |       |       |       |       |       |       |   246 |   519 |   127 ||   892

Table legend: (Time is in decaauts)
 A = Elapsed time spent in this place.
 B = Non-inter-level travel time spent in this place.
 C = Inter-level travel time spent in this place.
 D = Time resting spent in this place.
 E = Time spent auto-exploring this place.
 F = Levels seen in this place.
 G = Mean time per level.
                   A        B        C        D        E       F      G
               +--------+--------+--------+--------+--------+-----+--------+
         Total |  78972 |  67259 |  11713 |   1908 |  49619 |  51 | 1548.5 |
       Dungeon |  22338 |  17282 |   5056 |    915 |  12418 |  15 | 1489.2 |
        Temple |     18 |     18 |      0 |      0 |      0 |   1 |   18.0 |
          Lair |   9621 |   8320 |   1301 |     98 |   6893 |   5 | 1924.2 |
         Swamp |   4635 |   4395 |    240 |    168 |   3071 |   4 | 1158.8 |
     Snake Pit |   6644 |   6014 |    630 |     53 |   4827 |   4 | 1661.0 |
  Orcish Mines |   3026 |   2457 |    569 |     13 |   1955 |   2 | 1513.0 |
   Elven Halls |   4336 |   3912 |    424 |     15 |   2910 |   3 | 1445.3 |
        Vaults |  11390 |   9501 |   1889 |    322 |   6305 |   5 | 2278.0 |
        Depths |   6675 |   5946 |    729 |     62 |   4559 |   4 | 1668.8 |
           Zot |   8061 |   7189 |    872 |    248 |   5665 |   5 | 1612.2 |
         Trove |     77 |     77 |      0 |      0 |      0 |   1 |   77.0 |
      Ice Cave |    734 |    734 |      0 |      2 |    353 |   1 |  734.0 |
    Desolation |   1410 |   1410 |      0 |     10 |    660 |   1 | 1410.0 |
               +--------+--------+--------+--------+--------+-----+--------+

Top non-repeatable levels by time:
Vaults:1: 3566 daAuts
Vaults:5: 2765 daAuts
    D:12: 2415 daAuts
    D:13: 2259 daAuts
     D:9: 2253 daAuts
  Lair:3: 2204 daAuts
  Lair:5: 2198 daAuts
Depths:2: 2190 daAuts
 Snake:4: 2180 daAuts
   Orc:2: 2161 daAuts
Depths:3: 2113 daAuts
Vaults:3: 2069 daAuts
   Elf:3: 2058 daAuts
Vaults:4: 1989 daAuts
 Snake:3: 1982 daAuts
